Map: Polka LE

Players

qqq

  • Race: Zerg Zerg
  • Spawn Location: 11:00

Massa

  • Race: Terran Terran
  • League: Platinum
  • Spawn Location: 11:00

Poussy - Winner!

  • Race: Protoss Protoss
  • League: Diamond
  • Spawn Location: 5:00

temansk - Winner!

  • Race: Zerg Zerg
  • Spawn Location: 5:00

VOD

Have the link to the VOD?

Description

Time

  • Played on: Nov. 4, 2020, 3:17 p.m.
  • Length: 13:56
Show
View Real Time Build Order
Export as new Build Order

qqq Zerg 

Build Orders: Hatch First 

Get SALT Encoding   

  12  0:03  Drone  
  13  0:08  Drone  
  14  0:39  Hatchery  
  14  0:40  Drone  
  14  0:58  Spawning Pool  
  13  1:11  Overlord  
  13  1:13  Drone  
  13  1:16  Extractor  
  13  1:28  Drone  
  14  1:33  Drone  
  15  1:41  Drone  
  16  1:56  Drone  
  16  1:57  Drone  
  16  1:58  Drone, Queen  
  21  2:02  Drone  
  21  2:06  Overlord  
  22  2:16  Zergling x2  
  22  2:17  Zergling x2  
  24  2:25  Zergling x2  
  25  2:31  Metabolic Boost  
  25  2:32  Zergling x2  
  25  2:35  Zergling x2  
  27  2:40  Zergling x2  
  27  2:50  Zergling x2  
  28  2:52  Baneling Nest  
  28  2:53  Drone  
  28  2:56  Queen  
  30  3:06  Zergling x2  
  30  3:07  Zergling x4  
  30  3:11  Zergling x2  
  34  3:13  Zergling x2  
  34  3:19  Overlord  
  35  3:23  Zergling x2  
  36  3:32  Overlord  
  35  3:41  Baneling x2  
  35  3:42  Zergling x4  
  35  3:43  Zergling x2  
  38  3:50  Zergling x4  
  38  3:51  Drone  
  41  3:57  Zergling x2  
  41  3:58  Zergling x2  
  42  4:16  Zergling x8  
  42  4:17  Zergling x2  
  43  4:28  Zergling x2  
  43  4:29  Zergling x8  
  39  4:39  Zergling x2  
  39  4:40  Zergling x4  
  39  4:47  Zergling x2  
  38  5:07  Drone  
  39  5:18  Drone x4  
  42  5:26  Hatchery  
  40  5:32  Drone x3  
  40  5:33  Zergling x6  
  46  5:41  Spore Crawler  
  45  5:44  Spore Crawler  
  45  5:47  Drone  
  45  5:48  Drone x2  
  47  5:54  Baneling x2  
  37  6:00  Drone, Zergling x6  
  41  6:07  Lair  
  41  6:09  Drone  
  42  6:15  Drone x2  
  42  6:17  Zergling x4  
  46  6:27  Drone x2  
  46  6:28  Drone  
  46  6:29  Zergling x2  
  46  6:30  Zergling x4  
  46  6:32  Baneling x2  
  52  6:33  Baneling x2  
  52  6:34  Baneling  
  52  6:40  Drone  
  52  6:41  Drone  
  52  6:54  Overlord  
  52  6:55  Zergling x6  
  52  6:56  Drone x3  
  57  7:06  Overlord  
  57  7:13  Spire  
  57  7:15  Drone x2  
  57  7:16  Drone x3, Extractor  
  57  7:17  Drone x4  
  57  7:18  Drone  
  57  7:20  Extractor  
  57  7:22  Extractor  
  63  7:25  Drone  
  63  7:26  Drone, Spore Crawler  
  64  7:39  Drone x2  
  64  7:40  Drone  
  67  7:47  Zergling x6, Hydralisk Den  
  67  7:48  Drone x2  
  71  7:58  Overlord x2  
  71  7:59  Overlord  
  71  8:01  Drone  
  71  8:03  Hatchery  
  71  8:14  Overlord  
  71  8:15  Drone x2  
  69  8:40  Corruptor x3  
  69  8:41  Corruptor x5  
  64  8:43  Drone x2  
  76  8:51  Spine Crawler  
  74  8:55  Mutalisk  
  74  8:58  Drone x2  
  74  9:00  Mutalisk  
  80  9:12  Extractor x2  
  80  9:13  Spine Crawler  
  80  9:15  Spine Crawler  
  80  9:17  Drone x2, Spine Crawler  
  77  9:18  Mutalisk  
  77  9:21  Mutalisk  
  77  9:23  Drone  
  82  9:28  Mutalisk  
  82  9:30  Zergling x8  
  89  9:31  Drone x2  
  90  9:49  Zerg Flyer Weapons Level 1  
  90  9:52  Mutalisk  
  92  9:53  Drone  
  92  9:54  Drone x3  
  92  9:55  Overlord x2  
  92  9:56  Overlord x4  
  96  10:09  Lurker Den  
  96  10:11  Mutalisk, Evolution Chamber  
  96  10:12  Zergling x6  
  96  10:13  Zergling x4  
  101  10:18  Hatchery  
  100  10:21  Queen  
  100  10:23  Drone  
  100  10:24  Drone  
  100  10:26  Drone  
  100  10:27  Drone  
  100  10:28  Drone  
  107  10:29  Drone  
  107  10:34  Mutalisk  
  110  10:35  Corruptor  
  110  10:54  Corruptor x2  
  110  10:55  Corruptor x2  
  110  10:56  Mutalisk  
  120  10:57  Drone x3  
  120  11:00  Drone  
  120  11:02  Queen  
  120  11:04  Overlord  
  126  11:07  Zergling x4  
  126  11:09  Hydralisk  
  126  11:11  Drone  
  131  11:12  Drone  
  131  11:13  Drone  
  131  11:14  Drone  
  131  11:17  Spine Crawler  
  133  11:19  Mutalisk  
  133  11:22  Drone, Hydralisk  
  138  11:37  Mutalisk, Corruptor  
  138  11:38  Mutalisk, Corruptor  
  145  11:44  Zerg Flyer Armor Level 1  
  136  11:58  Corruptor  
  136  11:59  Mutalisk, Corruptor  
  136  12:00  Drone  
  136  12:01  Drone x5  
  141  12:27  Corruptor x2  
  141  12:28  Corruptor x3  
  127  12:38  Corruptor  
  127  12:39  Drone x2  
  127  12:40  Drone x4  
  127  12:42  Extractor  
  127  12:43  Extractor  
  113  13:07  Spore Crawler x2  
  113  13:08  Spore Crawler  
  113  13:11  Spore Crawler x2  
  106  13:13  Corruptor x6  
  100  13:32  Zergling x6  
  100  13:33  Drone, Zergling x4  
  106  13:36  Drone x3  
  106  13:37  Zergling x6  
Show
View Real Time Build Order
Export as new Build Order

Massa Terran 

Build Orders:  

Get SALT Encoding   

  12  0:00  SCV  
  13  0:18  SCV  
  13  0:19  Supply Depot  
  14  0:30  SCV  
  15  0:42  SCV, Barracks  
  16  0:51  Refinery  
  16  0:53  Refinery  
  16  0:54  SCV  
  17  1:06  SCV  
  18  1:18  SCV  
  19  1:30  Reaper, SCV  
  19  1:32  Supply Depot  
  21  1:42  SCV  
  22  1:48  Factory  
  22  1:55  SCV  
  23  2:02  Marine  
  24  2:17  Orbital Command  
  24  2:42  Hellion  
  26  3:04  Hellion  
  28  3:06  SCV  
  28  3:09  Starport, Command Center  
  29  3:18  SCV  
  30  3:20  Supply Depot  
  30  3:27  Barracks Reactor, Barracks  
  30  3:28  Supply Depot  
  30  3:39  SCV  
  31  3:42  Hellion  
  31  3:47  Supply Depot  
  33  3:49  Medivac  
  33  3:51  SCV  
  36  4:03  SCV  
  36  4:04  Widow Mine  
  33  4:32  Widow Mine  
  33  4:37  Engineering Bay  
  35  4:40  Barracks Tech Lab  
  35  4:43  Marine x2  
  37  4:45  Orbital Command  
  37  4:46  SCV  
  36  4:53  Widow Mine  
  36  4:58  SCV  
  39  5:00  Marine  
  39  5:01  Marine  
  39  5:03  Command Center  
  39  5:05  Missile Turret  
  41  5:08  Missile Turret  
  41  5:10  Medivac  
  41  5:11  SCV  
  44  5:16  Stimpack  
  44  5:17  Marauder  
  44  5:18  Marine  
  47  5:31  Widow Mine  
  47  5:37  SCV x2  
  47  5:38  Marauder  
  47  5:40  Missile Turret  
  50  5:49  SCV x2  
  52  6:01  SCV  
  52  6:02  Marauder  
  52  6:03  Marine x2  
  57  6:07  Barracks  
  57  6:09  Barracks  
  57  6:20  Marine  
  57  6:21  Marine  
  57  6:22  Liberator  
  57  6:24  SCV x2, Marauder  
  66  6:33  Missile Turret  
  66  6:34  Refinery  
  66  6:36  SCV x2  
  66  6:38  Marine  
  66  6:39  Orbital Command  
  69  6:45  Marauder  
  71  6:47  Marine  
  71  6:48  SCV x2  
  74  6:55  Combat Shield  
  74  6:56  Marine  
  74  7:00  SCV  
  76  7:05  Marine  
  76  7:07  Marauder  
  77  7:24  Medivac  
  77  7:29  SCV x2  
  79  7:36  Orbital Command  
  79  7:41  SCV  
  79  7:42  SCV, Marauder  
  79  7:43  Barracks Reactor, Barracks Tech Lab, Marine  
  79  7:44  Marine  
  84  7:46  Factory Tech Lab  
  84  7:51  Command Center  
  85  8:00  Supply Depot  
  85  8:01  Supply Depot  
  85  8:02  Supply Depot  
  85  8:03  Terran Infantry Armor Level 1  
  85  8:04  Supply Depot x2  
  85  8:14  Refinery, Concussive Shells  
  85  8:21  Marine x2  
  85  8:22  SCV x2, Marauder, Medivac  
  85  8:23  SCV  
  85  8:24  Supply Depot  
  85  8:26  Supply Depot x2  
  94  8:27  Supply Depot  
  96  8:34  SCV x2  
  96  8:35  SCV  
  97  8:43  Marauder  
  97  8:46  SCV  
  97  8:48  Supply Depot  
  90  9:07  Orbital Command  
  90  9:11  Armory  
  90  9:12  SCV x3  
  90  9:17  Barracks  
  90  9:21  Barracks  
  90  9:22  Starport Reactor  
  90  9:23  Barracks  
  90  9:24  SCV  
  91  9:28  Cyclone  
  91  9:29  Marine  
  91  9:30  Marine x5  
  98  9:38  Refinery  
  98  9:40  Refinery  
  98  9:42  Missile Turret  
  98  9:43  Missile Turret x2  
  98  9:45  Missile Turret  
  98  9:47  Marine  
  98  9:48  Marine x5  
  98  9:50  Sensor Tower  
  104  9:56  Sensor Tower  
  104  10:04  SCV x3  
  104  10:05  Marine, Missile Turret  
  104  10:06  Marine x5  
  113  10:07  Orbital Command  
  113  10:09  Thor  
  113  10:13  Barracks Reactor x2, Barracks Tech Lab  
  119  10:14  Viking x2  
  119  10:16  SCV x3  
  126  10:23  Marine x2  
  126  10:28  SCV x2  
  130  10:35  SCV x2  
  132  10:36  Factory  
  132  10:40  SCV x2  
  134  10:44  Viking x2  
  134  10:47  SCV x2  
  140  10:52  SCV x2, Thor  
  148  10:59  SCV, Factory  
  149  11:09  Factory  
  149  11:13  Smart Servos  
  149  11:16  Terran Vehicle Weapons Level 1  
  149  11:19  Armory  
  149  11:21  Engineering Bay, Terran Infantry Weapons Level 1  
  149  11:24  Marauder x2  
  149  11:25  Marauder, Marine x8  
  156  11:27  Factory Tech Lab  
  163  11:42  Refinery, SCV x4, Marine  
  163  11:43  Marine x7  
  163  11:44  Refinery  
  163  11:45  Marine x2  
  163  11:46  Marine  
  178  11:51  Factory Tech Lab  
  178  11:52  Command Center  
  178  11:54  SCV x2  
  178  12:00  Supply Depot  
  180  12:02  Supply Depot  
  180  12:05  Supply Depot x2  
  180  12:21  Marine x2, Thor  
  188  12:24  Marine x2, Thor  
  188  12:25  Supply Depot  
  188  12:26  Viking x2  
  188  12:28  Marine, Supply Depot  
  200  12:30  Marine x2, Supply Depot  
  200  12:31  Supply Depot  
  200  12:36  Factory Tech Lab  
  200  12:50  Supply Depot  
  200  12:53  Supply Depot  
  200  12:54  Supply Depot  
  200  12:56  Supply Depot  
  200  13:09  Marine x2  
  200  13:12  Marine x2  
  132  13:24  Marauder, Marine x6  
  124  13:27  Marine x2  
  124  13:30  Marine x2  
  122  13:40  SCV x4  
Show
View Real Time Build Order
Export as new Build Order

Poussy Protoss - Winner!

Build Orders: 1 Gate Expand, Oracle Opening, Carriers 

Get SALT Encoding   

  12  0:01  Probe  
  13  0:14  Probe  
  14  0:23  Pylon  
  15  0:28  Probe  
  15  0:41  Probe  
  16  0:44  Gateway  
  16  0:50  Assimilator  
  16  0:53  Probe  
  17  1:05  Probe  
  18  1:17  Probe  
  19  1:26  Nexus  
  19  1:35  Cybernetics Core  
  19  1:38  Probe (Chrono Boost)  
  20  1:50  Probe (Chrono Boost)  
  21  1:55  Pylon  
  21  1:58  Probe (Chrono Boost)  
  22  2:07  Probe  
  23  2:09  Assimilator  
  23  2:12  Adept (Chrono Boost)  
  25  2:16  Warp Gate  
  25  2:20  Probe (Chrono Boost)  
  26  2:32  Probe (Chrono Boost)  
  27  2:37  Probe (Chrono Boost)  
  27  2:42  Pylon  
  27  2:45  Probe  
  27  2:46  Probe  
  29  2:57  Probe  
  30  3:00  Probe (Chrono Boost)  
  30  3:03  Stargate  
  31  3:07  Adept  
  31  3:09  Probe (Chrono Boost)  
  31  3:12  Probe (Chrono Boost)  
  35  3:16  Assimilator  
  35  3:19  Probe (Chrono Boost)  
  37  3:20  Probe (Chrono Boost)  
  37  3:24  Probe (Chrono Boost)  
  37  3:25  Probe  
  39  3:35  Probe  
  39  3:39  Sentry  
  42  3:44  Shield Battery  
  42  3:45  Oracle (Chrono Boost)  
  45  3:55  Gateway  
  45  4:04  Probe x2  
  47  4:16  Probe  
  47  4:25  Probe  
  46  4:37  Probe  
  44  4:44  Pylon, Adept  
  44  5:06  Probe  
  45  5:07  Nexus  
  45  5:12  Probe, Pylon x2  
  46  5:16  Assimilator  
  46  5:25  Stargate  
  46  5:27  Assimilator  
  46  5:28  Pylon, Fleet Beacon  
  46  5:29  Assimilator  
  46  5:30  Probe x2, Oracle  
  46  5:31  Pylon  
  51  5:40  Nexus  
  51  5:42  Probe  
  52  5:47  Probe (Chrono Boost)  
  53  5:54  Probe (Chrono Boost)  
  54  5:59  Probe (Chrono Boost)  
  56  6:05  Probe (Chrono Boost)  
  56  6:07  Probe (Chrono Boost)  
  56  6:10  Carrier (Chrono Boost), Forge  
  57  6:12  Protoss Air Weapons Level 1 (Chrono Boost)  
  63  6:22  Probe x2  
  63  6:23  Probe  
  66  6:30  Carrier (Chrono Boost)  
  66  6:34  Probe  
  66  6:37  Pylon  
  73  6:47  Twilight Council  
  70  6:58  Probe  
  71  7:05  Probe x2  
  71  7:06  Probe, Photon Cannon  
  71  7:07  Shield Battery  
  74  7:10  Probe  
  75  7:19  Carrier (Chrono Boost)  
  75  7:20  Probe (Chrono Boost)  
  83  7:24  Probe (Chrono Boost)  
  83  7:28  Probe (Chrono Boost)  
  83  7:29  Probe (Chrono Boost)  
  85  7:32  Probe (Chrono Boost)  
  85  7:36  Pylon  
  87  7:37  Probe (Chrono Boost)  
  87  7:41  Probe (Chrono Boost)  
  87  7:42  Probe (Chrono Boost)  
  87  7:43  Probe (Chrono Boost)  
  91  7:45  Probe (Chrono Boost), Carrier (Chrono Boost)  
  91  7:48  Probe (Chrono Boost)  
  91  7:49  Probe (Chrono Boost)  
  99  7:54  Templar Archives  
  99  7:57  Gateway  
  99  8:02  Gateway  
  99  8:04  Stargate  
  105  8:20  Carrier (Chrono Boost)  
  105  8:21  Photon Cannon  
  105  8:22  Probe x2  
  105  8:24  Photon Cannon  
  107  8:34  Protoss Air Weapons Level 2  
  100  8:46  Carrier  
  106  9:06  Probe (Chrono Boost)  
  106  9:07  Psionic Storm  
  110  9:10  Probe x3 (Chrono Boost)  
  116  9:19  Carrier (Chrono Boost)  
  116  9:29  Assimilator  
  116  9:31  Pylon, Assimilator  
  116  9:33  Pylon  
  116  9:39  Pylon  
  116  9:40  Pylon  
  116  9:42  Pylon  
  116  9:45  Pylon  
  116  9:46  Carrier (Chrono Boost), Pylon  
  116  9:49  Probe, Carrier (Chrono Boost)  
  116  9:52  Stargate  
  129  9:56  Stargate  
  129  10:03  High Templar x2  
  129  10:06  Probe x2  
  135  10:07  Probe x2  
  137  10:18  Probe, Carrier  
  144  10:26  Photon Cannon  
  144  10:28  Shield Battery  
  144  10:45  Carrier x2  
  156  10:56  Carrier  
  162  11:07  Archon  
  162  11:09  High Templar x2  
  166  11:13  Carrier  
  166  11:16  Pylon  
  172  11:34  Carrier  
  175  12:26  Carrier  
  179  12:30  Carrier  
  179  12:34  Carrier  
  177  12:39  High Templar  
  179  12:45  Pylon x2  
  179  12:47  Pylon x2  
  179  12:48  Pylon  
  159  13:41  Archon  
Show
View Real Time Build Order
Export as new Build Order

temansk Zerg - Winner!

Build Orders: Hatch First 

Get SALT Encoding   

  12  0:00  Drone  
  13  0:16  Overlord  
  13  0:17  Drone  
  14  0:35  Drone x2  
  16  0:56  Drone x2  
  18  0:58  Hatchery  
  18  1:00  Drone  
  18  1:05  Extractor  
  17  1:20  Spawning Pool  
  16  1:31  Drone x2  
  18  1:34  Drone  
  19  1:56  Drone x2  
  21  2:09  Zergling x2  
  21  2:10  Queen x2  
  21  2:11  Overlord  
  21  2:14  Metabolic Boost  
  26  2:16  Zergling x2  
  27  2:23  Zergling x2  
  28  2:37  Drone  
  28  2:38  Drone x2  
  31  2:50  Queen  
  33  2:51  Overlord  
  33  2:59  Drone  
  33  3:00  Drone x2  
  33  3:04  Overlord  
  36  3:07  Lair  
  36  3:25  Extractor  
  36  3:26  Extractor, Overlord  
  34  3:27  Drone x2  
  34  3:28  Drone x3  
  39  3:39  Zergling x6  
  39  3:40  Zergling x2  
  41  3:50  Baneling Nest  
  41  3:51  Zergling x4  
  41  3:52  Zergling x2  
  43  4:04  Roach Warren  
  31  4:25  Zergling x8  
  31  4:26  Queen  
  37  4:42  Drone x4  
  41  4:59  Drone, Overlord  
  42  5:08  Glial Reconstitution  
  42  5:09  Drone  
  40  5:29  Centrifical Hooks  
  40  5:31  Zergling x6  
  40  5:34  Baneling  
  40  5:35  Baneling  
  42  5:36  Baneling  
  42  5:39  Baneling  
  41  5:50  Drone x2  
  41  5:52  Drone  
  43  6:00  Roach x2  
  47  6:13  Drone x2  
  47  6:14  Drone x3  
  52  6:27  Drone x3  
  52  6:28  Drone  
  52  6:31  Roach  
  58  6:33  Roach  
  58  6:38  Roach  
  62  6:40  Roach  
  64  6:54  Roach x2  
  64  6:56  Overlord x2  
  68  7:05  Overlord  
  68  7:09  Evolution Chamber  
  65  7:29  Overlord  
  65  7:32  Queen  
  65  7:35  Overlord  
  67  7:37  Overseer  
  67  7:40  Spore Crawler  
  67  7:41  Roach x8  
  82  8:01  Drone x3  
  82  8:02  Drone, Overlord x2  
  82  8:04  Zerg Missile Weapons Level 1  
  86  8:10  Hydralisk Den  
  85  8:14  Extractor  
  85  8:15  Spore Crawler  
  85  8:17  Queen  
  85  8:25  Ravager x4  
  89  8:30  Baneling x4  
  89  8:32  Pneumatized Carapace  
  75  9:16  Queen  
  72  9:38  Grooved Spines  
  72  9:41  Hydralisk x8  
  88  9:57  Drone  
  88  9:58  Drone x7  
  96  10:13  Zerg Ground Armor Level 1  
  96  10:29  Overseer  
  96  10:34  Hydralisk  
  96  10:35  Hydralisk  
  100  10:43  Hatchery  
  99  10:50  Muscular Augments  
  99  10:51  Spore Crawler  
  98  10:58  Spore Crawler  
  98  11:02  Overlord x2  
  97  11:09  Evolution Chamber  
  96  11:15  Infestation Pit  
  93  11:49  Overlord  
  93  11:50  Overlord  
  91  12:07  Hydralisk x7  
  104  12:19  Hydralisk x2  
  108  12:37  Overseer x2  
  108  12:39  Hydralisk x2  
  112  12:56  Hatchery  
  112  12:58  Hydralisk x2  
  113  13:03  Overlord  
  115  13:11  Hatchery  
  108  13:17  Hydralisk x3  
  115  13:40  Ravager  
Tags
 
Add a new tag
Caveats
  • Supply blocks, unpowered buildings, or Contaminate may cause inaccurate times.
  • Supply counts are checked every 10 seconds.